Map: [ESL] Royal Blood

Players

Maru

  • Race: Terran Terran
  • Spawn Location: 1:00

GuMiho - Winner!

  • Race: Terran Terran
  • Spawn Location: 7:00

Event: ESL SC2 Masters 2023 Summer (Finals)

VOD

Have the link to the VOD?

Description

Time

  • Played on: June 17, 2023, 12:02 p.m.
  • Length: 10:13

All games in this series

Show
View Real Time Build Order
Export as new Build Order

Maru Terran 

Build Orders: Mech 

Get SALT Encoding   

  12  0:00  SCV  
  13  0:12  SCV  
  14  0:17  Supply Depot  
  14  0:24  SCV  
  15  0:38  SCV  
  15  0:40  Barracks  
  16  0:44  Refinery  
  16  0:50  SCV  
  16  0:52  Refinery  
  17  1:03  SCV  
  18  1:15  SCV  
  19  1:27  Orbital Command, Reaper  
  19  1:30  Supply Depot  
  20  1:43  Factory  
  20  1:52  SCV  
  21  1:59  Reaper  
  22  2:04  SCV  
  23  2:16  SCV  
  23  2:21  Command Center  
  24  2:27  Hellion  
  24  2:28  SCV  
  27  2:31  Barracks Reactor  
  27  2:39  Starport  
  27  2:42  SCV  
  28  2:47  Supply Depot  
  28  2:50  Factory Tech Lab  
  28  2:54  SCV  
  29  3:06  SCV  
  29  3:07  Marine x2  
  29  3:10  Siege Tank  
  34  3:22  Medivac  
  34  3:25  Marine x2  
  37  3:30  SCV  
  37  3:34  Supply Depot  
  38  3:42  SCV  
  39  3:54  Marine  
  39  3:55  Marine, Cyclone  
  43  3:58  Starport Tech Lab  
  43  3:59  Orbital Command, SCV  
  42  4:09  Refinery  
  42  4:12  Marine, SCV  
  42  4:13  Marine  
  45  4:19  Raven  
  47  4:24  SCV  
  47  4:25  SCV  
  49  4:34  Siege Tank  
  49  4:37  SCV x2  
  54  4:43  Supply Depot  
  54  4:45  Marine  
  54  4:49  SCV  
  54  4:50  SCV  
  57  4:54  Command Center  
  57  4:56  Raven  
  59  5:01  Supply Depot  
  59  5:02  SCV  
  59  5:03  SCV  
  61  5:11  Siege Tank  
  61  5:14  SCV  
  65  5:15  SCV  
  66  5:26  SCV  
  66  5:27  SCV  
  66  5:28  Refinery  
  67  5:38  SCV  
  67  5:40  SCV  
  69  5:43  Viking x2  
  69  5:44  Siege Tank  
  72  5:50  SCV  
  71  5:59  SCV  
  71  6:02  SCV  
  73  6:04  Factory  
  72  6:11  SCV  
  72  6:13  Viking x2  
  72  6:14  SCV  
  72  6:15  Supply Depot  
  78  6:24  SCV  
  76  6:27  SCV, Factory  
  76  6:30  Barracks Reactor  
  77  6:35  Supply Depot  
  77  6:36  SCV  
  77  6:39  SCV  
  78  6:43  Viking x2, Supply Depot  
  82  6:48  SCV  
  82  6:49  Siege Tank  
  86  6:54  Supply Depot  
  86  6:55  Supply Depot  
  86  7:05  SCV x2  
  86  7:07  Supply Depot  
  88  7:09  Siege Tank  
  88  7:13  Viking  
  93  7:16  Viking  
  93  7:17  SCV, Hellion  
  93  7:18  Hellion  
  99  7:32  SCV  
  99  7:41  Hellion x2  
  99  7:43  Viking  
  105  7:47  Viking  
  107  8:05  Hellion x2  
  109  8:12  Liberator  
  112  8:20  Refinery, Siege Tank  
  112  8:21  Siege Tank  
  112  8:23  Supply Depot  
  118  8:33  Orbital Command  
  116  8:34  Refinery  
  116  8:36  Refinery  
  116  8:44  Viking  
  118  9:04  Siege Tank x2  
  124  9:16  SCV  
  94  9:17  Viking  
  94  9:20  Hellion  
  82  9:24  SCV  
  82  9:25  SCV  
  81  9:32  SCV  
  81  9:36  Hellion  
  81  9:37  SCV x2  
  74  9:44  SCV  
  75  9:46  Refinery  
  75  9:49  SCV  
Show
View Real Time Build Order
Export as new Build Order

GuMiho Terran - Winner!

Build Orders:  

Get SALT Encoding   

  12  0:00  SCV  
  13  0:12  SCV  
  14  0:17  Supply Depot  
  14  0:24  SCV  
  14  0:27  Refinery  
  15  0:38  SCV  
  16  0:43  Barracks  
  16  0:50  SCV  
  16  0:53  Refinery  
  17  1:02  SCV  
  18  1:15  SCV  
  19  1:29  Orbital Command  
  19  1:30  Reaper  
  20  1:33  Factory  
  20  1:45  Supply Depot  
  20  1:55  SCV  
  21  2:02  Reaper  
  21  2:07  SCV  
  23  2:17  Hellion  
  23  2:19  SCV  
  26  2:23  Command Center  
  26  2:31  SCV  
  26  2:34  Reaper, Supply Depot  
  28  2:39  Hellion  
  28  2:43  SCV  
  31  2:50  Starport  
  31  2:55  SCV  
  32  3:09  Hellion, Barracks Tech Lab  
  32  3:10  SCV  
  35  3:22  SCV  
  35  3:24  Refinery  
  36  3:27  Starport Tech Lab  
  36  3:34  SCV  
  36  3:36  Orbital Command  
  36  3:39  Cyclone  
  36  3:40  Barracks Reactor  
  40  3:46  SCV  
  40  3:47  Raven  
  41  3:58  SCV  
  42  4:04  SCV  
  42  4:07  Supply Depot  
  43  4:10  SCV  
  43  4:11  Cyclone  
  43  4:16  SCV  
  43  4:17  Marine x2  
  44  4:22  Raven  
  44  4:23  SCV  
  48  4:28  SCV, Supply Depot  
  49  4:34  Refinery  
  49  4:35  SCV  
  49  4:36  Marine x2  
  52  4:41  SCV  
  52  4:43  Siege Tank  
  56  4:47  SCV  
  56  4:48  Supply Depot  
  57  4:53  SCV  
  57  4:59  SCV  
  59  5:03  Viking x2  
  59  5:05  SCV  
  64  5:08  Supply Depot  
  64  5:11  SCV, Supply Depot, Factory  
  65  5:17  SCV  
  65  5:19  Siege Tank  
  69  5:23  SCV  
  70  5:33  Viking x2  
  73  5:43  SCV x2  
  73  5:52  Siege Tank  
  73  5:55  SCV x2  
  77  6:03  Viking  
  79  6:06  Viking  
  79  6:09  SCV x2  
  83  6:16  Siege Tank  
  86  6:39  Command Center  
  86  6:48  SCV x2, Viking x2, Siege Tank  
  95  6:54  Supply Depot x2  
  95  6:59  Siege Tank  
  95  7:00  SCV x2  
  100  7:12  SCV x2  
  102  7:18  Viking x2  
  106  7:24  SCV x2  
  108  7:42  Siege Tank  
  111  7:44  SCV x2  
  111  7:45  Supply Depot  
  111  7:48  Viking x2, Refinery  
  117  7:53  Orbital Command  
  117  7:56  SCV x2  
  119  8:02  Siege Tank  
  122  8:08  SCV x2  
  119  8:14  Mag-Field Accelerator  
  119  8:18  Starport  
  119  8:19  Starport, Refinery  
  119  8:20  SCV x2  
  119  8:21  SCV  
  119  8:25  Viking  
  119  8:27  Viking  
  126  8:32  SCV  
  126  8:33  SCV  
  128  8:35  SCV  
  129  8:44  SCV  
  129  8:45  SCV  
  129  8:47  SCV  
  132  8:48  Supply Depot  
  132  8:49  Siege Tank  
  135  8:55  Viking  
  135  8:57  Viking x2  
  140  9:10  Viking  
  140  9:16  Siege Tank  
  120  9:25  Viking  
  120  9:27  Liberator, Viking  
  124  9:33  SCV  
  124  9:34  SCV  
  124  9:38  Siege Tank  
  126  9:39  SCV  
  126  9:43  Command Center, Supply Depot x2  
  126  9:45  SCV, Supply Depot  
  127  9:48  Hellion  
  127  9:52  Supply Depot x2  
  130  9:54  Supply Depot  
Tags
 
Add a new tag
Caveats
  • Supply blocks, unpowered buildings, or Contaminate may cause inaccurate times.
  • Supply counts are checked every 10 seconds.